 Dungeon Crawl Stone Soup version 0.29.0-4-gdea44cf6ec (webtiles) character file.

Game seed: 17054012494745620622

257 qw the Ruffian (level 6, -2/48 HPs)
             Began as a Ghoul Fire Elementalist on Aug 29, 2022.
             Slain by an orc warrior
             ... wielding a +0 hand axe
              (12 damage)
             ... on level 4 of the Dungeon.
             The game lasted 00:02:38 (4125 turns).

qw the Ruffian (Ghoul Fire Elementalist)            Turns: 4125, Time: 00:02:39

Health: -2/48      AC:  7    Str: 14    XL:     6   Next: 16%
Magic:  7/7        EV: 10    Int: 10    God:
Gold:   156        SH:  0    Dex:  9    Spells: 7/8 levels left

rFire   . . .      SeeInvis .     - Unarmed
rCold   + . .      Faith    .   (no shield)
rNeg    + + +      Spirit   .   e - +0 ring mail
rPois   inf        Reflect  .   k - +0 helmet
rElec   .          Harm     .   m - +0 cloak
rCorr   .          Rampage  .   (no gloves)
Will    .....                   (no boots)
Stlth   +.........              (no amulet)
HPRegen 0.00/turn               (no ring)
MPRegen 0.10/turn               (no ring)

@: inhibited regen
A: claws 1, cold resistance 1, negative energy resistance 3, inhibited
regeneration, torment resistance 2, devour on kill
a: no special abilities


You were on level 4 of the Dungeon.
You visited 1 branch of the dungeon, and saw 4 of its levels.

You collected 156 gold pieces.


Innate Abilities, Weirdness & Mutations

You are immune to poison.
You have sharp fingernails.
Your flesh is cold resistant. (rC+)
You are immune to negative energy. (rN+++)
You do not regenerate when monsters are visible.
You are immune to unholy pain and torment.
You thrive by killing the living.


   Skills:
 - Level 2.1 Fighting
 - Level 1.7 Dodging
 - Level 2.1 Stealth
 + Level 5.9 Unarmed Combat
 - Level 1.7 Spellcasting
 - Level 0.7 Conjurations
 - Level 2.4 Fire Magic


You had 7 spell levels left.
You knew the following spells:

 Your Spells              Type           Power      Damage    Failure   Level
a - Foxfire               Conj/Fire      16%        2x1d4     34%         1

Your spell library contained the following spells:

 Spells                   Type           Power      Damage    Failure   Level
 Scorch                   Fire           10%        2d6       36%         2
 Conjure Flame            Conj/Fire      4%         6-21      71%         3
 Inner Flame              Hex/Fire       3%         N/A       77%         3
 Flame Wave               Conj/Fire      4%         2d5       98%         4

Inventory:

Armour
 e - a +0 ring mail (worn)
 k - a +0 helmet (worn)
 m - a +0 cloak (worn)
 o - a +0 pair of boots
 p - a +0 chain mail
Jewellery
 c - a ring of ice
Scrolls
 n - a scroll of identify
Potions
 a - a potion of degeneration {unknown}
 b - 2 potions of haste
 d - a potion of brilliance {unknown}
 f - 2 potions of curing {unknown}
 g - a potion of lignification {unknown}
 h - a potion of resistance {unknown}
 i - 2 potions of heal wounds {unknown}
 j - a potion of cancellation {unknown}
 l - a potion of flight {unknown}

Dungeon Overview and Level Annotations

Branches:
Dungeon (4/15)
 Temple: D:4-7

Altars:

Shops:
D:4 (


Message History

4108 ||| Stepping ~*~*~tactically~*~*~ (stealth).
An orc comes into view. It is wielding a +0 short sword.
4110 ||| Stepping ~*~*~tactically~*~*~ (stealth).
4111 ||| Stepping ~*~*~tactically~*~*~ (stealth).
The orc attacks as you move away! The orc closely misses you.
The orc warrior shouts!
You barely miss the orc. You claw the orc.
The orc is severely wounded.
The orc hits you but does no damage.
You claw the orc!
You kill the orc!
You closely miss the orc warrior.
The orc warrior hits you with a +0 hand axe.
You closely miss the orc warrior.
The orc warrior hits you with a +0 hand axe!
You scratch the orc warrior.
The orc warrior is lightly wounded.
The orc warrior hits you with a +0 hand axe!
4119 ||| Stepping ~*~*~tactically~*~*~ (outnumbered).
The orc attacks as you move away! The orc hits you with a +0 short sword.
You scratch the orc warrior but do no damage.
The orc warrior is lightly wounded.
The orc barely misses you. The orc warrior barely misses you.
You closely miss the orc warrior.
The orc warrior is lightly wounded.
You scratch the orc warrior.
The orc warrior is lightly wounded.
The orc warrior closely misses you. The orc hits you with a +0 short sword.
You claw the orc warrior!
The orc warrior is heavily wounded.
The orc warrior hits you with a +0 hand axe.
The orc hits you but does no damage.
You scratch the orc warrior.
The orc warrior is heavily wounded.
The orc hits you with a +0 short sword. The orc warrior misses you.
You scratch the orc warrior.
The orc warrior is heavily wounded.
The orc hits you but does no damage.
The orc warrior hits you with a +0 hand axe!
You die...

........## ...........
... ..#...# .... .....#
.....#.... .....#...#
.......o.#
...............o@#
.................##
..................#######
........................#
............##.....######
............##......#
.....#.....###......###
....#......##...#.....#
......##......####.###.#


You could see an orc warrior and an orc.

Vanquished Creatures
  A phantom (D:4)
  A jelly (D:4)
  A hound (D:4)
  An orc wizard (D:3)
  3 adders
  An ufetubus (D:4)
  A worm (D:2)
  A dart slug (D:2)
  6 orcs
  5 endoplasms
  10 giant cockroaches
  5 goblins
  2 hobgoblins
  3 jackals (D:3)
  A quokka (D:1)
  7 ball pythons
  A bat (D:3)
  2 frilled lizards
  2 kobolds
  3 rats
57 creatures vanquished.

Notes
Turn   | Place    | Note
-------+----------+-------------------------------------------
     0 | D:1      | qw the Ghoul Fire Elementalist began the quest for the Orb.
     0 | D:1      | Reached XP level 1. HP: 14/14 MP: 2/2
     0 | D:1      | 0 ||| qw: Version: 0.1-a-90-g952f4b7
     0 | D:1      | 0 ||| qw: Game counter: 4017
     0 | D:1      | 0 ||| qw: Always use a shield: true
     0 | D:1      | 0 ||| qw: God list: Okawaru
     0 | D:1      | 0 ||| qw: Allow faded altars: false
     0 | D:1      | 0 ||| qw: Do Orc after D:15 true
     0 | D:1      | 0 ||| qw: Do second Lair branch before Depths: true
     0 | D:1      | 0 ||| qw: Lair rune preference: random
     0 | D:1      | 0 ||| qw: Plans: Normal
     0 | D:1      | 0 ||| PLANNING D:1-11
   438 | D:1      | Reached skill level 1 in Unarmed Combat
   700 | D:1      | Noticed an eye of devastation
   702 | D:1      | Found a faded altar of an unknown god.
   704 | D:1      | Noticed a great orb of eyes
   704 | D:1      | Noticed a shining eye
   704 | D:1      | Noticed a shining eye
   716 | D:1      | Reached skill level 1 in Fighting
   716 | D:1      | Reached XP level 2. HP: 23/23 MP: 3/3
   993 | D:1      | 993 ||| UPGRADING to +0 ring mail.
  1003 | D:1      | 1003 ||| DROPPING +0 robe.
  1004 | D:1      | 1004 ||| READING scroll labelled XUEMAUMAOW.
  1005 | D:1      | 1005 ||| READING scroll labelled VUG GESYOP.
  1006 | D:1      | 1006 ||| DROPPING potion of magic.
  1384 | D:2      | Reached skill level 2 in Unarmed Combat
  1384 | D:2      | Reached XP level 3. HP: 20/28 MP: 4/4
  1529 | D:2      | 1529 ||| Stepping ~*~*~tactically~*~*~ (stealth).
  1543 | D:2      | 1543 ||| Stepping ~*~*~tactically~*~*~ (stealth).
  1614 | D:2      | 1614 ||| Stepping ~*~*~tactically~*~*~ (stealth).
  1616 | D:2      | 1616 ||| Stepping ~*~*~tactically~*~*~ (stealth).
  1618 | D:2      | 1618 ||| Stepping ~*~*~tactically~*~*~ (stealth).
  1620 | D:2      | 1620 ||| Stepping ~*~*~tactically~*~*~ (stealth).
  1646 | D:2      | Reached skill level 3 in Unarmed Combat
  2097 | D:2      | 2097 ||| UPGRADING to +0 helmet.
  2102 | D:2      | 2102 ||| READING scroll labelled HENERU EBAOZAPH.
  2103 | D:2      | 2103 ||| READING scroll labelled CUISOLYHIC.
  2104 | D:2      | 2104 ||| READING scroll labelled IGAKYKYCOI.
  2105 | D:2      | 2105 ||| DRINKING 2 green potions.
  2311 | D:3      | 2311 ||| Stepping ~*~*~tactically~*~*~ (hiding).
  2317 | D:3      | 2317 ||| Stepping ~*~*~tactically~*~*~ (outnumbered).
  2320 | D:3      | 2320 ||| Stepping ~*~*~tactically~*~*~ (outnumbered).
  2321 | D:3      | 2321 ||| Stepping ~*~*~tactically~*~*~ (outnumbered).
  2322 | D:3      | 2322 ||| Stepping ~*~*~tactically~*~*~ (outnumbered).
  2323 | D:3      | 2323 ||| Stepping ~*~*~tactically~*~*~ (outnumbered).
  2331 | D:3      | Reached skill level 4 in Unarmed Combat
  2331 | D:3      | Reached XP level 4. HP: 32/35 MP: 5/5
  3031 | D:3      | 3031 ||| Stepping ~*~*~tactically~*~*~ (outnumbered).
  3266 | D:3      | 3266 ||| UPGRADING to +0 cloak.
  3271 | D:3      | 3271 ||| READING 2 scrolls labelled DIPRUS FASIGITOFA.
  3272 | D:3      | 3272 ||| READING scroll labelled MANWALOLAFY.
  3273 | D:3      | 3273 ||| DROPPING scroll of fear.
  3433 | D:4      | Found Usip's Weapon Shop.
  3478 | D:4      | Noticed a phantom
  3501 | D:4      | Killed a phantom
  3502 | D:4      | Reached skill level 5 in Unarmed Combat
  3502 | D:4      | Reached XP level 5. HP: 19/41 MP: 6/6
  3847 | D:4      | Reached XP level 6. HP: 42/48 MP: 7/7
  4001 | D:4      | 4001 ||| Stepping ~*~*~tactically~*~*~ (stealth).
  4037 | D:4      | 4037 ||| Stepping ~*~*~tactically~*~*~ (stealth).
  4107 | D:4      | Noticed an orc warrior
  4108 | D:4      | 4108 ||| Stepping ~*~*~tactically~*~*~ (stealth).
  4110 | D:4      | 4110 ||| Stepping ~*~*~tactically~*~*~ (stealth).
  4111 | D:4      | 4111 ||| Stepping ~*~*~tactically~*~*~ (stealth).
  4119 | D:4      | 4119 ||| Stepping ~*~*~tactically~*~*~ (outnumbered).
  4124 | D:4      | HP: 10/48 [orc/+0 short sword (3)]
  4125 | D:4      | Slain by an orc warrior

Levels and vault maps discovered:
D:1:      nicolae_arrival_memento_mori, layout_basic,
          hellmonk_ecumenical_altar_watching_god
D:2:      minmay_roachtagon, layout_basic, grunt_decor_junction
D:3:      layout_basic
D:4:      layout_layer_cave, serial_shops, shop_fountains

Skill      XL: |  1  2  3  4 |
---------------+-------------+-----
Unarmed Combat | 1 2 4 5 |  5.9
Fighting       | 1 2 |  2.1
Dodging        | |  1.7
Stealth        | |  2.1
Spellcasting   | |  1.7
Conjurations   | |  0.7
Fire Magic     | |  2.4

Action                   |  1- 3 |  4- 6 || total
-------------------------+-------+-------++-------
Melee: Unarmed           |   159 |    90 ||   249
       Punch             |     2 |     5 ||     7
  Use: Scroll            |     5 |     2 ||     7
       Potion            |     1 |       ||     1
 Stab: Sleeping          |     1 |       ||     1
Armor: Robe              |     1 |       ||     1
       Ring mail         |    46 |    25 ||    71
Dodge: Dodged            |    91 |    32 ||   123

Table legend:
 A = Non-vault XP
 B = Vault XP
 C = Vault XP percentage of total XP
 D = Non-vault monster count
 E = Vault monster count
 F = Vault count percentage of total count
                 A         B        C        D         E       F
            +---------+---------+-------+---------+---------+-------
      Total |     350 |      18 |   4.9 |      48 |       9 |  15.8
            +---------+---------+-------+---------+---------+-------
        D:1 |      12 |       0 |   0.0 |       8 |       0 |   0.0
        D:2 |      36 |      18 |  33.3 |      12 |       9 |  42.9
        D:3 |      70 |       0 |   0.0 |      17 |       0 |   0.0
        D:4 |     232 |       0 |   0.0 |      11 |       0 |   0.0
            +---------+---------+-------+---------+---------+-------
